 Dungeon Crawl Stone Soup version 0.31-a0-486-g8d68a81214 (webtiles) character file.

Game seed: 7146909488644648582

172 javelincjr the Poker (level 5, -5/41 HPs)
             Began as a Demonspawn Gladiator on Aug 7, 2023.
             Slain by a gnoll
             ... wielding a +0 halberd
              (13 damage)
             ... on level 4 of the Dungeon.
             The game lasted 00:07:18 (2531 turns).

javelincjr the Poker (Demonspawn Gladiator)         Turns: 2531, Time: 00:07:19

Health: -5/41      AC:  5    Str: 17    XL:     5   Next: 27%
Magic:  5/5        EV: 14    Int:  9    God:
Gold:   224        SH:  4    Dex: 14    Spells: 4/4 levels left

rFire   . . .        a - +0 trident
rCold   . . .        (no shield)
rNeg    . . .        b - +0 leather armour
rPois   +            c - +0 helmet
rElec   .            f - +0 cloak
rCorr   .            (no gloves)
SInv    .            (no boots)
Will    .....        (no amulet)
Stlth   +            p - ring of poison resistance
HPRegen 0.26/turn    (no ring)
MPRegen 0.09/turn

%: no passive effects
@: no status effects
A: repulsion field 1, condensation shield, demonic touch 2
a: no special abilities


You were on level 4 of the Dungeon.
You visited 1 branch of the dungeon, and saw 4 of its levels.

You collected 224 gold pieces.

Inventory:

Hand Weapons
 a - a +0 trident (weapon)
Missiles
 d - 3 throwing nets (quivered)
 e - a javelin
Armour
 b - a +0 leather armour (worn)
 c - a +0 helmet (worn)
 f - a +0 cloak (worn)
Jewellery
 p - a ring of poison resistance (left hand)
Scrolls
 g - 4 scrolls of teleportation {unknown}
 j - 2 scrolls of amnesia {unknown}
 l - a scroll of noise {unknown}
 n - a scroll of blinking {unknown}
 q - 2 scrolls of identify {unknown}
 r - a scroll of fear {unknown}
 s - a scroll of enchant armour {unknown}
Potions
 h - a potion of brilliance {unknown}
 i - 3 potions of lignification {unknown}
 k - 2 potions of heal wounds {unknown}
 m - 2 potions of mutation {unknown}
 o - a potion of ambrosia {unknown}
 t - a potion of invisibility {unknown}


   Skills:
 + Level 3.1 Fighting
 + Level 3.5 Polearms
 + Level 2.8 Throwing
 + Level 0.9 Armour
 + Level 3.5 Dodging


You had 4 spell levels left.
You didn't know any spells.
Your spell library was empty.

Dungeon Overview and Level Annotations

Branches:
Dungeon (4/15)
 Temple: D:4-7

Altars:
Nemelex Xobeh
Qazlal


Innate Abilities, Weirdness & Mutations

You are surrounded by a mild repulsion field. (EV +2)
A meltable shield of frost defends you. (SH +4)
Your touch may inflict irresistible damage on your foes.


Message History

a +0 giant club; an ogre corpse The gnoll shouts!
You hear a shout!
You hear the slow rusting of a distant drain.
You reach to attack!
You barely miss the gnoll. The gnoll closely misses you.
You reach to attack!
You hit the gnoll.
The gnoll is moderately wounded.
The gnoll hits you from afar with a +0 halberd.
You reach to attack!
You closely miss the gnoll.
The gnoll is moderately wounded.
The gnoll hits you from afar with a +0 halberd!
You reach to attack!
You closely miss the gnoll.
The gnoll is moderately wounded.
The gnoll hits you from afar with a +0 halberd!
* * * LOW HITPOINT WARNING * * *
The gnoll misses you.
You are too injured to fight recklessly!
You are too injured to fight recklessly!
Reach: a) +0 trident
Press: ? - help, Dir - move target, f/p - gnoll
Aim: a gnoll, wielding a +0 halberd (moderately wounded, about 37% to evade your +0 trident)
You reach to attack!
You hit the gnoll but do no damage.
The gnoll is moderately wounded.
The gnoll hits you from afar with a +0 halberd.
* * * LOW HITPOINT WARNING * * *
The gnoll barely misses you.
You hit the gnoll.
The gnoll is heavily wounded.
The gnoll closely misses you.
A gnoll comes into view. It is wielding a +3 dagger.
You barely miss the gnoll. Your touch misses the gnoll.
The gnoll is heavily wounded.
The gnoll hits you with a +0 halberd.
* * * LOW HITPOINT WARNING * * *
You closely miss the gnoll.
The gnoll is heavily wounded.
The gnoll barely misses you.
You hit the gnoll but do no damage.
The gnoll is heavily wounded.
The gnoll hits you with a +0 halberd!
You die...

## # _.#._
########....
########........≈≈.
#.............#
#.###.......@##
#.#.'....####g#
#####.#.#....# #g#
...........#.......
#####..<.##.##..#.#.
...##..#.#
♣.#.##.#.#
##.......# ##....# .
.......##. g ### ##
........ ....


You could see 2 gnolls.

Vanquished Creatures
  An ogre (D:4)
  An adder (D:3)
  3 worms (D:2)
  2 dart slugs (D:2)
  6 endoplasms
  A giant cockroach (D:1)
  7 goblins
  5 hobgoblins
  7 jackals
  3 kobolds
  4 quokkas
  6 ball pythons
  3 bats
  6 frilled lizards
  6 rats
61 creatures vanquished.

Notes
Turn   | Place    | Note
-------+----------+-------------------------------------------
     0 | D:1      | javelincjr the Demonspawn Gladiator began the quest for the
                  | Orb.
     0 | D:1      | Reached XP level 1. HP: 16/16 MP: 1/1
   177 | D:1      | Gained mutation: Your touch may inflict minor irresistible
                  | damage on your foes. [demonic ancestry]
   177 | D:1      | Reached XP level 2. HP: 22/22 MP: 2/2
   936 | D:2      | Gained mutation: Your touch may inflict irresistible damage
                  | on your foes. [demonic ancestry]
   936 | D:2      | Reached XP level 3. HP: 27/28 MP: 3/3
  1584 | D:3      | Found a faded altar of an unknown god.
  1782 | D:3      | Gained mutation: A meltable shield of frost defends you.
                  | (SH +4) [demonic ancestry]
  1782 | D:3      | Reached XP level 4. HP: 31/34 MP: 4/4
  2504 | D:4      | Found a sparkling altar of Nemelex Xobeh.
  2504 | D:4      | Found a stormy altar of Qazlal.
  2504 | D:4      | Noticed an ogre
  2513 | D:4      | Killed an ogre
  2514 | D:4      | Gained mutation: You are surrounded by a mild repulsion
                  | field. (EV +2) [demonic ancestry]
  2514 | D:4      | Reached XP level 5. HP: 41/41 MP: 5/5
  2531 | D:4      | Slain by a gnoll

Illustrated notes

Levels and vault maps discovered:
D:1:      dpeg_arrival_windows_large_door, layout_basic,
          nicolae_figureground_sparkle
D:2:      layout_basic
D:3:      layout_loops_corners, shapermc_ecumenical_altar_ellora
D:4:      layout_basic, mainiacjoe_overflow_alcove_3, gup_sewer_entry_bubbles,
          grunt_decor_one_mirror, minmay_misc_feat_enclosed

Skill      XL: |  1  2  3  4 |
---------------+-------------+-----
Throwing       | 2 |  2.8
Polearms       | 3 |  3.5
Dodging        | 3 |  3.5
Fighting       | 3 |  3.1
Armour         | |  0.9

Action                     |  1- 3 |  4- 6 || total
---------------------------+-------+-------++-------
  Melee: Trident           |    94 |    51 ||   145
         Touch             |    14 |     9 ||    23
   Stab: Sleeping          |     4 |       ||     4
 Armour: Leather armour    |    12 |     3 ||    15
  Dodge: Dodged            |    29 |    20 ||    49
  Block: Other             |       |     5 ||     5

Table legend: (Time is in decaauts)
 A = Elapsed time spent in this place.
 B = Non-inter-level travel time spent in this place.
 C = Inter-level travel time spent in this place.
 D = Time resting spent in this place.
 E = Time spent auto-exploring this place.
 F = Levels seen in this place.
 G = Mean time per level.
                   A        B        C        D        E       F      G
               +--------+--------+--------+--------+--------+-----+--------+
         Total |   2551 |   2323 |    228 |      0 |   1959 |   4 |  637.8 |
       Dungeon |   2551 |   2323 |    228 |      0 |   1959 |   4 |  637.8 |
               +--------+--------+--------+--------+--------+-----+--------+

Top non-repeatable levels by time:
     D:2: 971 daAuts
     D:3: 922 daAuts
     D:1: 596 daAuts
     D:4: 60 daAuts
